Map: Acid Plant LE

Players

Juxtapose

  • Race: Zerg Zerg
  • Spawn Location: 5:00

Decimax - Winner!

  • Race: Protoss Protoss
  • League: Gold
  • Spawn Location: 11:00

VOD

https://youtu.be/AoGW7U69i5g

Description

In Zerg versus Protoss, I typically get to Roaches and Ravagers as fast as possible and then tech to Hydralisks and Lurkers.

In this match, being Unranked, I decided to try going Zerglings and Banelings.

Sadly I didn't control the Banelings very well, and was slow to transition my own tech.

Time

  • Played on: July 22, 2018, 7:02 p.m.
  • Length: 9:27
Show
View Real Time Build Order
Export as new Build Order

Juxtapose Zerg 

Build Orders: Hatch First 

Get SALT Encoding   

  12  0:01  Drone  
  13  0:11  Drone  
  14  0:20  Overlord  
  14  0:42  Hatchery  
  13  0:45  Drone  
  13  0:49  Drone  
  15  0:55  Drone  
  16  1:02  Extractor  
  16  1:03  Drone  
  16  1:15  Drone  
  17  1:23  Spawning Pool  
  16  1:27  Drone  
  16  1:31  Overlord  
  17  1:44  Drone  
  18  1:57  Drone x2  
  20  2:12  Queen  
  20  2:14  Queen  
  24  2:21  Metabolic Boost  
  24  2:25  Drone  
  24  2:26  Drone x2  
  27  2:35  Zergling x4  
  29  2:44  Extractor  
  29  2:46  Drone x3  
  31  3:03  Zergling x2  
  31  3:04  Drone x2, Zergling x2  
  35  3:16  Baneling Nest, Zergling x4  
  36  3:29  Overlord x2  
  36  3:31  Drone  
  36  3:38  Evolution Chamber  
  35  3:45  Zergling x2  
  35  3:47  Queen  
  38  3:49  Spore Crawler  
  38  3:53  Spore Crawler  
  38  3:54  Zergling x8  
  39  4:18  Zergling x4  
  39  4:19  Drone x2, Zergling x4  
  39  4:23  Queen  
  47  4:37  Baneling x4  
  47  4:39  Baneling  
  47  4:42  Zergling x8  
  47  4:44  Overlord  
  42  5:34  Lair  
  40  5:38  Roach Warren  
  40  5:39  Drone  
  40  5:40  Drone x5  
  45  5:49  Zerg Ground Armor Level 1  
  45  5:51  Hatchery  
  44  6:03  Baneling x3  
  44  6:05  Baneling x2  
  44  6:07  Drone x4  
  44  6:08  Overlord x2  
  48  6:36  Roach x6  
  48  6:37  Roach  
  62  7:02  Overseer  
  62  7:06  Overseer x2  
  62  7:08  Roach x7  
  76  7:17  Drone x5  
  81  7:37  Overlord x2  
  81  7:41  Extractor  
  81  7:42  Extractor  
  79  7:48  Glial Reconstitution  
  75  8:05  Ravager  
  72  8:15  Roach x6  
  84  8:21  Hydralisk Den  
  56  8:40  Zergling x2  
  56  8:41  Zergling x6  
  60  8:42  Roach x6  
  60  8:43  Roach  
  74  8:59  Overlord  
  74  9:00  Overlord x3  
Show
View Real Time Build Order
Export as new Build Order

Decimax Protoss - Winner!

Build Orders: 1 Gate Expand, Zealot Archon 

Get SALT Encoding   

  12  0:01  Probe  
  13  0:13  Probe  
  14  0:19  Pylon  
  14  0:22  Probe  
  15  0:33  Probe  
  15  0:38  Gateway  
  16  0:43  Probe  
  17  1:13  Nexus  
  17  1:29  Cybernetics Core  
  17  1:32  Assimilator  
  17  1:36  Assimilator  
  17  1:53  Probe  
  18  2:06  Pylon  
  18  2:07  Adept, Pylon  
  18  2:09  Probe  
  19  2:21  Probe  
  22  2:25  Warp Gate  
  22  2:26  Probe  
  23  2:43  Forge  
  23  2:44  Gateway  
  23  2:47  Gateway  
  23  2:53  Probe x2  
  25  3:05  Probe x2  
  27  3:12  Adept  
  29  3:35  Probe x2  
  29  3:38  Adept  
  29  3:39  Adept  
  33  3:44  Adept  
  33  3:47  Probe x2, Pylon  
  37  3:50  Twilight Council  
  37  3:59  Probe x2  
  37  4:02  Protoss Ground Weapons Level 1  
  39  4:06  Assimilator  
  39  4:11  Probe  
  40  4:17  Assimilator  
  40  4:18  Charge, Probe  
  41  4:29  Probe  
  41  4:30  Probe, Templar Archives  
  43  4:41  Probe  
  43  4:42  Probe  
  45  4:50  Zealot x3  
  51  4:53  Probe  
  51  4:54  Probe  
  53  5:05  Probe  
  53  5:06  Probe  
  53  5:19  Zealot  
  53  5:20  Zealot  
  50  5:26  Zealot  
  46  5:33  Probe x2  
  48  5:42  Zealot x2  
  52  5:45  Probe x2  
  54  5:51  Robotics Facility  
  54  5:57  Probe x2  
  54  6:03  High Templar x2  
  60  6:11  Gateway  
  60  6:12  Gateway, Archon  
  60  6:18  Gateway  
  60  6:19  Gateway  
  60  6:31  Pylon  
  60  6:34  Pylon  
  60  6:36  High Templar, Protoss Ground Weapons Level 2, Pylon  
  62  6:42  Pylon  
  62  6:43  Pylon  
  62  6:50  High Templar  
  62  6:53  Archon  
  64  6:55  Warp Prism  
  66  7:02  Zealot  
  68  7:09  High Templar x2  
  72  7:20  Archon  
  72  7:21  Zealot  
  74  7:31  High Templar x2  
  78  7:37  Archon  
  78  7:45  Zealot  
  78  7:46  Zealot x2  
  84  8:12  Zealot x2  
  86  8:13  Zealot x5  
  84  8:41  Warp Prism  
  84  8:45  Zealot  
  84  8:46  Zealot x6  
  100  9:09  Nexus  
  92  9:14  Zealot x3  
  92  9:15  Zealot x4  
  102  9:22  Pylon  
  102  9:24  Pylon  
Tags
 
Add a new tag
Caveats
  • Supply blocks, unpowered buildings, or Contaminate may cause inaccurate times.
  • Supply counts are checked every 10 seconds.